Map: Lerilak Crest

Players

capac

  • Race: Terran Terran
  • League: Gold

Lum - Winner!

  • Race: Zerg Zerg
  • League: Gold

VOD

Have the link to the VOD?

Description

Time

  • Played on: March 11, 2016, 12:38 p.m.
  • Length: 26:16
Show
View Real Time Build Order
Export as new Build Order

capac Terran 

Build Orders:  

Get SALT Encoding   

  12  0:01  SCV  
  13  0:13  SCV  
  14  0:18  Supply Depot  
  14  0:25  SCV  
  15  0:40  SCV  
  15  0:42  Barracks  
  16  0:46  Refinery  
  16  0:52  SCV  
  18  1:04  SCV  
  18  1:16  SCV  
  19  1:28  SCV  
  19  1:31  Reaper  
  21  1:37  Command Center  
  22  1:50  Orbital Command  
  21  1:58  Supply Depot  
  21  2:07  Barracks Reactor  
  21  2:13  Barracks  
  21  2:19  SCV  
  22  2:28  Factory  
  22  2:49  SCV  
  22  2:50  Marine x2  
  25  3:00  Orbital Command  
  25  3:06  SCV  
  25  3:07  Barracks Tech Lab, Marine  
  27  3:13  Factory Tech Lab  
  27  3:18  Refinery x2, SCV  
  27  3:19  Marine  
  29  3:50  Marine  
  29  3:51  Marine x2  
  29  3:53  Stimpack  
  32  3:56  Siege Tank  
  32  4:00  SCV  
  36  4:05  SCV  
  37  4:12  SCV  
  39  4:17  SCV  
  39  4:22  Marine  
  39  4:23  Marine x2  
  39  4:24  SCV  
  43  4:27  Starport  
  43  4:29  SCV  
  44  4:36  SCV  
  44  4:37  Engineering Bay  
  45  4:41  SCV  
  46  5:00  Bunker  
  46  5:01  Supply Depot  
  46  5:03  Supply Depot  
  46  5:07  Starport Reactor  
  46  5:08  Command Center  
  46  5:14  Terran Infantry Weapons Level 1  
  46  5:23  Marine x3, Siege Tank, SCV x2  
  46  5:27  Barracks  
  54  5:35  SCV x2  
  56  5:36  Supply Depot  
  56  5:39  Supply Depot  
  56  5:40  Marine x3  
  59  5:46  Medivac  
  59  5:47  SCV  
  62  5:57  Refinery, Medivac  
  62  5:58  Siege Tank, SCV  
  62  6:03  SCV  
  69  6:09  Supply Depot  
  69  6:10  SCV  
  69  6:11  Supply Depot  
  70  6:14  Marine  
  70  6:15  Marine x2  
  70  6:17  Barracks Reactor  
  73  6:23  Barracks  
  73  6:32  Marine x2, Orbital Command  
  72  6:33  Marine  
  75  6:42  Supply Depot  
  75  6:44  Missile Turret  
  75  6:45  SCV x2  
  77  6:56  Marine x2  
  77  6:58  Marine  
  77  7:00  SCV x3  
  83  7:04  Supply Depot  
  83  7:08  Marine x2  
  84  7:12  SCV  
  84  7:13  Barracks, Barracks Reactor  
  84  7:14  Medivac x2  
  90  7:21  SCV x2  
  92  7:27  Marine x4  
  92  7:28  Marine  
  97  7:35  Siege Tank  
  82  8:19  Marine x3, Siege Tank  
  80  8:20  Marine x3  
  80  8:24  Marine  
  80  8:37  Marine  
  81  8:45  Medivac x2  
  81  8:47  SCV x3  
  88  8:51  Refinery  
  88  8:52  Refinery  
  88  8:59  SCV  
  89  9:04  Barracks  
  89  9:08  Starport  
  89  9:15  Engineering Bay, SCV x3  
  89  9:16  Engineering Bay  
  92  9:18  Marine x3  
  92  9:19  Marine x3  
  92  9:24  Siege Tank  
  101  9:29  SCV  
  101  9:30  SCV x2  
  104  9:42  Liberator x2  
  104  9:55  Missile Turret  
  104  9:56  Marine x4, Missile Turret  
  104  9:57  Marine x3  
  104  9:58  Starport Reactor  
  117  10:02  Missile Turret  
  116  10:26  Marine  
  116  10:27  Marine x6  
  119  10:30  Siege Tank  
  119  10:33  Liberator x2  
  119  10:34  SCV x2  
  119  10:35  SCV  
  125  10:38  Refinery  
  125  10:39  Barracks Reactor  
  125  10:50  SCV x3, Medivac  
  125  10:51  Supply Depot, Medivac  
  125  10:52  Supply Depot  
  125  10:54  Marine x3  
  141  11:03  Liberator  
  141  11:12  Marine x5  
  141  11:13  Siege Tank  
  141  11:14  Marine x2  
  154  11:29  Marine  
  154  11:30  Marine x2  
  157  11:57  Supply Depot  
  157  11:58  Supply Depot  
  157  12:01  Liberator  
  157  12:03  Liberator  
  157  12:18  Marine x5  
  157  12:20  Supply Depot, Marine x4  
  157  12:21  Supply Depot  
  172  12:24  Terran Infantry Armor Level 1  
  172  12:25  Armory  
  172  12:27  Command Center  
  172  12:28  Supply Depot  
  172  12:36  Marine  
  173  12:41  Marine x3  
  176  12:52  Siege Tank  
  123  14:23  Marine x5  
  123  14:24  Marine x2  
  106  14:28  Liberator x3  
  106  14:29  Liberator  
  92  14:36  Marine x2  
  94  14:41  Marine x5  
  94  14:44  Command Center  
  111  15:03  Orbital Command  
  111  15:17  Siege Tank  
  114  15:21  Marine  
  114  15:22  Marine x7  
  131  15:28  Medivac x3  
  122  15:29  Medivac  
  130  15:52  Marine x6  
  130  15:53  Marine x2  
  130  15:54  Siege Tank  
  141  16:14  Refinery  
  141  16:18  Refinery  
  128  16:28  Marine x2  
  128  16:29  Marine x5  
  128  16:30  Marine  
  128  16:32  Medivac x2  
  131  16:33  Medivac x2  
  137  16:45  Liberator x3  
  137  16:46  Liberator  
  137  16:49  Marine x2  
  137  16:50  Marine x7  
  146  16:56  Siege Tank  
  149  17:07  Marine x3  
  164  17:28  Marine  
  164  17:31  Marine x2, Liberator  
  164  17:32  Marine x2, Liberator x2  
  164  17:33  Marine, Liberator  
  164  17:38  Marine x2  
  164  17:45  Marine  
  164  17:46  Marine  
  164  17:49  Marine x2  
  164  17:50  Marine x3  
  162  17:51  Siege Tank  
  162  17:56  Marine x2  
  162  17:58  SCV  
  153  18:03  Marine  
  153  18:04  Marine  
  155  18:06  Marine  
  155  18:07  Marine  
  155  18:08  Marine x3  
  160  18:14  Marine x2  
  162  18:21  Marine  
  162  18:22  Marine  
  164  18:29  Planetary Fortress  
  164  18:37  Marine x2  
  163  19:21  Siege Tank  
  159  19:34  Marine  
  159  19:35  Marine x4  
  164  20:04  Marine x2  
  158  20:10  Marine  
  158  20:11  Marine x6  
  163  20:18  Liberator  
  163  20:21  Marine  
  152  20:30  Marine  
  152  20:31  Marine x7  
  160  20:39  Marine  
  164  20:48  Command Center  
  164  20:49  Refinery x2  
  164  20:55  Marine x3  
  164  20:57  Liberator  
  164  21:05  Marine x3  
  164  21:06  Marine x2  
  128  21:39  Marine  
  113  21:40  Marine x6  
  113  21:41  Marine x2  
  122  21:57  Marine x2  
  122  21:58  Marine x3  
  124  22:04  Marine  
  124  22:05  Marine x3  
  128  22:15  Marine x4  
  128  22:16  Marine  
  128  22:22  Marine x3, Combat Shields  
  133  22:23  Marine  
  126  22:33  Marine x5  
  124  22:40  Marine x2  
  86  23:11  Marine x5  
  86  23:12  Marine x2  
  82  23:28  Marine x3  
  82  23:29  Marine x2  
  87  23:37  Marine x4  
  91  23:46  Marine x4  
  95  24:06  Marine x4  
  95  24:07  Marine x3  
  100  24:13  Marine x2  
  102  24:24  Marine x4  
  101  24:25  Marine x3  
  101  24:31  Marine x2  
  108  24:42  Marine x4  
  112  24:47  Marine x3  
  112  24:48  Marine  
  112  24:49  Marine  
  117  24:59  Marine  
  117  25:00  Marine x3  
  117  25:05  Marine x3  
  117  25:06  Marine  
  117  25:07  Marine  
  126  25:16  Orbital Command  
  126  25:28  SCV  
  127  25:29  Orbital Command  
  127  25:40  SCV  
Show
View Real Time Build Order
Export as new Build Order

Lum Zerg - Winner!

Build Orders: Hatch First 

Get SALT Encoding   

  12  0:01  Drone  
  13  0:13  Overlord  
  13  0:18  Drone  
  14  0:31  Drone x2  
  16  0:50  Hatchery  
  16  0:55  Drone  
  16  1:10  Spawning Pool  
  15  1:12  Drone  
  15  1:15  Drone  
  17  1:19  Drone  
  17  1:24  Drone  
  19  1:30  Extractor  
  18  1:34  Drone  
  19  1:45  Drone  
  20  1:58  Queen  
  20  2:00  Overlord  
  22  2:10  Drone x2  
  24  2:15  Queen  
  24  2:17  Drone  
  24  2:18  Drone  
  28  2:25  Zergling x2  
  29  2:40  Spore Crawler  
  28  2:52  Drone x5  
  33  3:00  Drone  
  34  3:10  Drone x2  
  36  3:20  Metabolic Boost  
  36  3:22  Lair  
  36  3:23  Overlord  
  35  3:42  Hatchery  
  35  3:44  Roach Warren  
  33  3:51  Zergling x10  
  38  3:58  Drone x5  
  43  4:03  Overlord x2  
  43  4:04  Overlord  
  43  4:21  Queen  
  45  4:31  Roach x6  
  57  4:40  Drone x2  
  57  4:41  Extractor, Drone x2  
  57  4:42  Overlord x2  
  57  4:43  Overlord  
  60  4:45  Extractor  
  59  4:54  Overlord x2  
  59  5:07  Drone x5  
  61  5:10  Drone x3  
  61  5:11  Drone x3  
  61  5:12  Queen  
  71  5:32  Roach x5  
  81  5:58  Roach x7  
  95  6:08  Queen  
  95  6:09  Queen x2  
  101  6:16  Nydus Network  
  100  6:36  Roach x2  
  100  6:38  Overlord x2  
  100  6:39  Overlord x4  
  104  6:43  Extractor  
  103  6:57  Roach  
  103  6:58  Roach x9  
  123  7:03  Queen  
  123  7:04  Queen x2  
  129  7:18  Hatchery  
  129  7:20  Nydus Canal  
  102  8:19  Zergling x18  
  97  8:20  Zergling x14  
  86  8:42  Roach x6  
  98  8:51  Evolution Chamber  
  98  8:52  Evolution Chamber  
  96  8:59  Extractor  
  95  9:14  Hydralisk Den  
  95  9:15  Roach x4  
  95  9:16  Roach x7  
  116  9:18  Zerg Missile Weapons Level 1, Zerg Ground Armor Level 1  
  116  9:37  Zergling x12  
  116  9:38  Zergling x12  
  126  9:46  Drone x2  
  126  9:47  Drone  
  126  9:48  Queen  
  131  10:00  Zergling x12  
  131  10:01  Zergling x4  
  139  10:27  Drone x2  
  139  10:28  Drone x9  
  149  10:50  Drone x2  
  149  10:56  Spore Crawler  
  150  10:57  Spore Crawler  
  150  11:00  Spore Crawler  
  150  11:03  Overlord, Roach x6  
  150  11:04  Overlord x3  
  160  11:16  Overlord x6  
  160  11:17  Overlord x2  
  160  11:21  Zerg Missile Weapons Level 2, Zerg Ground Armor Level 2  
  160  11:24  Infestation Pit, Muscular Augments  
  159  11:26  Hatchery  
  158  11:40  Hydralisk x14  
  158  11:44  Ravager  
  158  11:45  Ravager x6  
  158  11:46  Ravager  
  194  12:00  Spore Crawler  
  193  12:05  Spore Crawler  
  192  12:23  Drone x8  
  200  12:32  Extractor  
  200  12:34  Hive  
  200  12:36  Pathogen Glands  
  199  12:51  Extractor  
  199  12:53  Extractor  
  199  12:57  Spore Crawler  
  196  13:20  Drone x2  
  196  13:21  Drone  
  136  14:46  Burrow  
  136  14:48  Pneumatized Carapace  
  136  14:58  Spore Crawler  
  136  14:59  Roach x8  
  161  15:00  Roach x15  
  161  15:01  Roach x9  
  199  15:11  Spore Crawler  
  199  15:12  Drone  
  199  15:13  Spore Crawler  
  189  16:27  Queen  
  191  16:40  Zerg Missile Weapons Level 3, Zerg Ground Armor Level 3  
  191  16:45  Spire  
  191  16:46  Spire x2  
  188  16:50  Drone x2  
  188  16:51  Drone x10  
  200  17:00  Extractor  
  199  17:04  Extractor, Spore Crawler  
  197  17:09  Spine Crawler  
  196  17:19  Hatchery  
  183  17:56  Hatchery  
  181  18:04  Zerg Flyer Armor Level 1, Zerg Flyer Weapons Level 1  
  181  18:05  Greater Spire  
  181  18:11  Ultralisk Cavern  
  180  18:15  Infestor x2  
  180  18:16  Infestor x6  
  196  18:26  Hydralisk x2  
  198  19:24  Extractor  
  181  19:26  Infestor x8  
  181  19:27  Hatchery  
  181  19:28  Extractor  
  156  19:50  Hydralisk x10  
  156  19:51  Hydralisk x12  
  196  20:30  Ravager x2, Infestor x8  
  196  20:31  Ravager x2  
  200  21:01  Infestor x7  
  197  21:09  Infestor x7  
  126  21:47  Infestor x2  
  126  21:48  Infestor x5  
  126  22:00  Drone  
  126  22:01  Drone x2  
  129  22:05  Roach x6  
  129  22:06  Roach x12  
  165  22:19  Infestor x6  
  88  23:30  Chitinous Plating  
  88  23:34  Hydralisk x8  
  88  23:35  Hydralisk x7  
  118  23:44  Zerg Flyer Weapons Level 2  
  118  23:45  Zerg Flyer Armor Level 2  
  118  24:03  Infestor x6  
  116  24:30  Drone x3  
  119  24:31  Queen  
  118  24:47  Overseer x4  
  118  24:49  Corruptor  
  118  24:50  Corruptor x16  
  118  24:51  Corruptor  
  154  25:32  Extractor  
  154  25:33  Drone x3  
  154  25:34  Extractor  
Tags
 
Add a new tag
Caveats
  • Supply blocks, unpowered buildings, or Contaminate may cause inaccurate times.
  • Supply counts are checked every 10 seconds.